 Dungeon Crawl Stone Soup version 0.21-a0-140-g479285b (webtiles) character file.

38 Ordine the Magician (level 3, -1/19 HPs)
             Began as a Deep Elf Wizard on July 20, 2017.
             Slain by a goblin
             ... wielding a +0 whip
              (5 damage)
             ... on level 2 of the Dungeon.
             The game lasted 00:03:52 (1241 turns).

Ordine the Magician (Deep Elf Wizard)               Turns: 1241, Time: 00:03:52

Health: -1/19      AC:  2    Str:  4    XL:     3   Next: 25%
Magic:  0/11       EV: 13    Int: 23    God:
Gold:   90         SH:  0    Dex: 13    Spells: 2/11 levels left

rFire    . . .     SeeInvis .   e - +0 short sword
rCold    . . .     Gourm    .   (no shield)
rNeg     . . .     Faith    .   a - +0 robe
rPois    .         Spirit   .   b - +0 hat
rElec    .         Reflect  .   (no cloak)
rCorr    .         Harm     .   (no gloves)
MR       .....                  (no boots)
Stlth    ++........             (no amulet)
HPRegen  0.06/turn              (no ring)
MPRegen  0.12/turn              (no ring)

@: no status effects
A: no striking features
a: no special abilities


You were on level 2 of the Dungeon.
You were not hungry.

You visited 1 branch of the dungeon, and saw 2 of its levels.

You collected 90 gold pieces.

Inventory:

Hand Weapons
 e - a +0 short sword (weapon)
Armour
 a - a +0 robe (worn)
 b - a +0 hat (worn)
Scrolls
 h - a scroll of recharging
Potions
 j - a potion of haste
Books
 c - a book of Minor Magic

   Spells                             Type                      Level
   a - Magic Dart                     Conjuration                  1
   b - Blink                          Translocation                2
   c - Call Imp                       Summoning                    2
   d - Slow                           Hexes                        2
   e - Conjure Flame                  Conjuration/Fire             3
   f - Mephitic Cloud                 Conjuration/Poison/Air       3
Comestibles
 d - 2 bread rations
 f - a meat ration
 i - 4 chunks of flesh


   Skills:
 + Level 2.8 Dodging
 + Level 3.5 Stealth
 + Level 4.7 Spellcasting
 + Level 1.3 Conjurations
   Level 1.1 Summonings
 + Level 1.8 Translocations
 + Level 0.2 Fire Magic
 + Level 0.0 Air Magic


You had 2 spell levels left.
You knew the following spells:

 Your Spells              Type           Power        Failure   Level  Hunger
a - Magic Dart            Conj           ##..         5%          1    None
b - Blink                 Tloc           N/A          7%          2    None
c - Conjure Flame         Conj/Fire      #.......     22%         3    ##.....
d - Mephitic Cloud        Conj/Pois/Air  #.......     24%         3    ##.....


Dungeon Overview and Level Annotations

Branches:
Dungeon (2/15)

Altars:

Annotations:
D:2 Terence


Message History

Terence looks very confused.
The goblin closely misses you.
Casting: Magic Dart
Confirm with . or Enter, or press ? or * to list all spells.
Aiming: Magic Dart
Press: ? - help, Shift-Dir - straight line, f/p - Terence
Aim: Terence, wielding a flail and wearing a ring mail (severely wounded, confused)
The magic dart hits Terence.
Terence is severely wounded.
The goblin misses you. The goblin hits you but does no damage.
You catch the helpless Terence completely off-guard!
You hit Terence.
Terence is severely wounded.
The goblin hits you with a whip.
* * * LOW HITPOINT WARNING * * *
You hit Terence.
Terence is severely wounded.
The goblin hits you with a whip.
You die...

.......### #.
#........# ...
........####.##
.......#.....#
#.....#.....#
.####....#.....#
...............#
.......g@......#
........@......#
.....♣♣♣.......#
####..........####
#.♣♣♣.........#
#.............#
#......†......#
.######.......##'####
..............##.#


You could see Terence (confused) and a goblin.

Vanquished Creatures
  4 dart slugs (D:1)
  A leopard gecko (D:1)
  2 giant cockroaches
  3 goblins (D:1)
  4 hobgoblins (D:1)
  4 kobolds (D:1)
  5 bats (D:1)
  3 frilled lizards (D:1)
  4 rats
30 creatures vanquished.

Notes
Turn   | Place    | Note
-------+----------+-------------------------------------------
     0 | D:1      | Ordine the Deep Elf Wizard began the quest for the Orb.
     0 | D:1      | Reached XP level 1. HP: 10/10 MP: 7/7
   198 | D:1      | Reached XP level 2. HP: 15/15 MP: 5/9
   202 | D:1      | Learned a level 2 spell: Blink
   814 | D:1      | Reached XP level 3. HP: 19/19 MP: 3/11
   879 | D:1      | Learned a level 3 spell: Conjure Flame
   883 | D:1      | Learned a level 3 spell: Mephitic Cloud
  1219 | D:2      | Noticed Terence
  1241 | D:2      | Slain by a goblin

Vault maps used:
D:1:      lemuel_arrival_river_bridge
D:2:      overflow_temple_1_default, serial_forest, infiniplex_forest_lined_3,
          infiniplex_forest_straight_5, infiniplex_forest_clump_long,
          infiniplex_forest_lined_corner, infiniplex_forest_straight_1,
          infiniplex_forest_clump_diagonal, infiniplex_forest_straight_2,
          infiniplex_forest_lined_2, infiniplex_forest_join,
          makhleb_blood_cavern_becter, uniq_terence

Skill      XL: |  1  2 |
---------------+-------+-----
Stealth        | 3 |  3.5
Dodging        | |  2.8
Spellcasting   | |  4.7
Conjurations   | |  1.3
Summonings     | |  1.1
Translocations | |  1.8
Fire Magic     | |  0.2

Action                   || total
-------------------------++-------
Melee: Unarmed           ||     5
       Short sword       ||     7
 Cast: Magic Dart        ||    89
       Mephitic Cloud    ||     1
  Use: Potion            ||     1
       Scroll            ||     3
 Stab: Invisible         ||     1
       Confused          ||     2
  Eat: Chunk             ||     1
Armor: Robe              ||     2
Dodge: Dodged            ||    12
